 Dungeon Crawl Stone Soup version 0.18.1-48-g4cf74bf (webtiles) character file.

40 vale the Sneak (level 3, -1/21 HPs)
             Began as an Octopode Enchanter on Aug 2, 2016.
             Slain by a gnoll
             ... wielding a +0 spear
              (2 damage)
             ... on level 2 of the Dungeon.
             The game lasted 00:04:52 (2667 turns).

vale the Sneak (Octopode Enchanter)                 Turns: 2667, Time: 00:04:53

Health: -1/21      AC:  1    Str:  6 (7)  XL:     3   Next: 50%
Magic:  1/6        EV: 12    Int: 16 (18) God:
Gold:   80         SH:  0    Dex: 10 (12) Spells: 3 memorised, 0 levels left

rFire  . . .     SeeInvis .     a - +1 dagger
rCold  . . .     Gourm    .     (no shield)
rNeg   . . .     Faith    .     (helmet restricted)
rPois  .         Spirit   .     (no amulet)
rElec  .         Dismiss  .     (no ring)
rCorr  .         Reflect  .     (no ring)
SustAt .         Harm     .     (no ring)
MR     .....                    (no ring)
Stlth  ++++......               (no ring)
                                (no ring)
                                (no ring)
                                (no ring)

@: not resistant to hostile enchantments, stealthy
A: almost no armour, amphibious, 8 rings, constrict 8, camouflage 1, gelatinous
body 1
a: no special abilities


You were on level 2 of the Dungeon.
You were hungry.

You visited 1 branch of the dungeon, and saw 2 of its levels.

You collected 80 gold pieces.

Inventory:

Hand Weapons
 a - a +1 dagger (weapon)
Missiles
 j - 12 poisoned needles
Jewellery
 r - an uncursed amulet of dismissal {unknown}
Scrolls
 e - 2 scrolls of identify
 g - 2 scrolls of remove curse {unknown}
 l - a scroll of fog
 s - a scroll of teleportation {unknown}
Potions
 d - 3 potions of degeneration
 h - a potion of brilliance {unknown}
 k - a potion of mutation {unknown}
 m - 2 potions of lignification {unknown}
 n - 2 potions of curing
 o - 3 potions of might {unknown}
 p - a potion of berserk rage {unknown}
 q - a potion of flight {unknown}
Books
 b - a book of Maledictions

   Spells                             Type                      Level
   a - Corona                         Hexes                        1
   b - Ensorcelled Hibernation        Hexes/Ice                    2
   c - Confuse                        Hexes                        3
   d - Tukima's Dance                 Hexes                        3
   e - Dazzling Spray                 Conjuration/Hexes            3
Comestibles
 c - 3 bread rations {@e1}
 f - 2 slices of pizza
 i - 5 fruits


   Skills:
 - Level 1.0 Short Blades
 - Level 2.0 Dodging
 + Level 4.8 Stealth
 - Level 2.0 Spellcasting
 * Level 4.0 Hexes


You couldn't memorise any spells.
You knew the following spells:

 Your Spells              Type           Power        Failure   Level  Hunger
a - Corona                Hex            ##.....      4%          1    #......
b - Ensorcelled Hibernat  Hex/Ice        #.....       14%         2    ###....
i - Dazzling Spray        Conj/Hex       #.....       28%         3    ###....


Dungeon Overview and Level Annotations

Branches:
Dungeon (2/15)

Altars:

Annotations:
D:2 exclusion: adder


Innate Abilities, Weirdness & Mutations

You cannot wear most types of armour.
You are amphibious.
You can wear up to eight rings at the same time.
You can use your tentacles to constrict eight enemies at once.
Your skin changes colour to match your surroundings (Stealth).
Your rubbery body absorbs attacks (AC +1).


Message History

You are too injured to fight recklessly!
Read which item? (? for menu, Esc to quit)
As you read the scroll labeled XUR FISUAGAIDE, it crumbles to dust.
It is a scroll of identify.
Identify which item? (\ to view known items) (? for menu, Esc to quit)
l - a scroll of fog The gnoll is no longer blind.
Drink which item? (? for menu, Esc to quit)
It was a potion of degeneration.
There was something very wrong with that liquid.
You feel weakened.
You feel dopey.
You feel clumsy. The gnoll barely misses you.
The gnoll hits you from afar with a spear.
* * * LOW HITPOINT WARNING * * *
You take 4 damage, and have 1/21 hp.
Drink which item? (? for menu, Esc to quit)
It was a potion of curing.
You feel better. The gnoll hits you!
* * * LOW HITPOINT WARNING * * *
The gnoll hits you from afar with a spear.
You die...

#.# #.# #.#
#.# #.# #.#
#.#
##########.#
.......@gg.#
############


You could see 2 gnolls.

Vanquished Creatures
  A giant gecko (D:2)
  2 giant cockroaches (D:1)
  2 hobgoblins (D:1)
  8 jackals (D:1)
  3 kobolds (D:2)
  6 bats
  2 giant newts
  6 goblins
  5 rats
35 creatures vanquished.

Notes
Turn   | Place    | Note
--------------------------------------------------------------
     0 | D:1      | vale the Octopode Enchanter began the quest for the Orb.
     0 | D:1      | Reached XP level 1. HP: 11/11 MP: 3/3
   620 | D:1      | Reached XP level 2. HP: 14/17 MP: 3/5
  1365 | D:1      | Reached XP level 3. HP: 12/21 MP: 3/6
  1878 | D:1      | Learned a level 2 spell: Ensorcelled Hibernation
  1882 | D:1      | Learned a level 3 spell: Dazzling Spray
  2041 | D:2      | Found a faded altar to an unknown god.
  2666 | D:2      | HP: 1/21 [gnoll/spear (4)]
  2667 | D:2      | Slain by a gnoll

Skill      XL: |  1  2  3 |
---------------+----------+-----
Hexes          | 4 |  4.0
Short Blades   | |  1.0
Dodging        | |  2.0
Stealth        | |  4.8
Spellcasting   | |  2.0

Action                   || total
-------------------------++-------
Melee: Dagger            ||    85
       Constrict         ||    21
       Tentacles         ||     9
 Cast: Corona            ||    50
       Dazzling Spray    ||     3
  Use: Potion            ||     2
       Scroll            ||     1
 Stab: Sleeping          ||     1
  Eat: Chunk             ||     6
Armor: Skin              ||    14
Dodge: Dodged            ||    59
